 Dungeon Crawl Stone Soup version 0.30.0-19-g36f170ea60 (webtiles) character file.

Game seed: 706172243844342283

73 MacCMillion the Grave Robber (level 4, 30/30 HPs)
             Began as a Mummy Necromancer on May 26, 2023.
             Quit the game on level 2 of the Dungeon.
             The game lasted 00:04:52 (2120 turns).

MacCMillion the Grave Robber (Mummy Necromancer)    Turns: 2120, Time: 00:04:53

Health: 30/30      AC:  4    Str: 17    XL:     4   Next: 8%
Magic:  10/10      EV: 12    Int: 16    God:
Gold:   126        SH:  0    Dex: 12    Spells: 10/11 levels left

rFire   x . .        i - +2 short sword (speed)
rCold   + . .        (no shield)
rNeg    + + +        a - +0 robe
rPois   ∞            (no helmet)
rElec   .            j - +0 cloak
rCorr   .            e - +0 pair of gloves
SInv    .            (no boots)
Will    .....        (no amulet)
Stlth   ++           b - +6 ring of strength
HPRegen 0.25/turn    (no ring)
MPRegen 0.12/turn

%: faith
@: no status effects
A: cold resistance 1, negative energy resistance 3, torment resistance 2, heat
vulnerability 1, in touch with death 1, no potions, faith
a: no special abilities


You were on level 2 of the Dungeon.
You visited 1 branch of the dungeon, and saw 2 of its levels.

You collected 126 gold pieces.

Inventory:

Hand Weapons
 f - a +0 dagger
 i - a +2 short sword of speed (weapon)
Armour
 a - a +0 robe (worn)
 e - a +0 pair of gloves (worn)
 j - a +0 cloak (worn)
Jewellery
 b - a +6 ring of strength (left hand)
Scrolls
 c - 4 scrolls of identify {unknown}
 d - a scroll of amnesia {unknown}
 g - a scroll of noise {unknown}
 h - 2 scrolls of teleportation {unknown}


   Skills:
 - Level 1.5 Dodging
 - Level 1.5 Stealth
 + Level 4.3 Spellcasting
 + Level 4.9 Necromancy


You had 10 spell levels left.
You knew the following spells:

 Your Spells              Type           Power      Damage    Failure   Level
a - Necrotise             Necr           100%       1d9       2%          1

Your spell library contained the following spells:

 Spells                   Type           Power      Damage    Failure   Level
 Vampiric Draining        Necr           28%        2d8       7%          3
 Animate Dead             Necr           28%        N/A       22%         4
 Agony                    Necr           28%        N/A       52%         5


Dungeon Overview and Level Annotations

Branches:
Dungeon (2/15)

Altars:

Shops:
D:2 =


Innate Abilities, Weirdness & Mutations

You are immune to poison.
Your flesh is cold resistant. (rC+)
You are immune to negative energy. (rN+++)
You are immune to unholy pain and torment.
You are vulnerable to heat. (rF-)
You are in touch with the powers of death.
You do not drink.
You have a special connection with the divine. (Faith)


Message History

You kill the goblin!
The dead are walking!
You can't see any susceptible monsters within range! (Use Z to cast anyway.)
You swap places.
You see here a +0 club.
You see here a +0 club.
You swap places.
You now have 126 gold pieces (gained 10).
c - 4 scrolls labelled WUROZI AMEOW (gained 1)
You see here a +0 pair of boots.
You open the door.
There is an open door here.
There is an open door here.
You see here a +0 dagger.
Found a robe.
Unknown command.
There is an open door here.
There is an open door here.
There is a stone staircase leading up here.
There is a stone staircase leading down here.
You see here a +0 ring mail.
Done exploring.
Done exploring.
You see here a +0 cloak.
Okay, then.
You start putting on your armour.
You continue putting on your +0 cloak. x4
You finish putting on your +0 cloak.
Done exploring.
Things that are here:
a +0 club; 2 stones Done exploring.
Done exploring.
Done exploring.
Done exploring.
Options error: Bad fail_severity_to_confirm: 10 should be <= 5 (~/.crawlrc:90) Welcome back, MacCMillion the Mummy Necromancer.
Press ? for a list of commands and other information.
Unknown command.
Unknown command.
Are you sure you want to abandon this character and quit the game? (Confirm with "yes".)

.######.......#.###.#....##...###
......#.###..#.#.#.#.#.#.##.#.#
..##.##.# #..##.#.#.##......#.#
#.##.##.###..###.#.###..#####.#
#.##.##[#....##.#)#.##.## #.#
#.##...>.....#)#.#.#.#.# #.#
#.#####<#'##..#.###.#..# #.#
#.##...........#####..## #.#
#.##..........).@.....# #.#
#.##............####..#######.#
..##............(.............#
####.................<........#
.........................[....#
#####'#..################.....#
#.#...#### #######
#####.#.#....###
...##'#)####...###


There were no monsters in sight!

Vanquished Creatures
  2 adders (D:2)
  A worm (D:2)
  A dart slug (D:1)
  6 ball pythons
  4 endoplasms (D:2)
  2 giant cockroaches
  7 goblins (D:2)
  3 hobgoblins
  9 jackals (D:2)
  2 bats
  4 kobolds (D:2)
  A rat (D:2)
42 creatures vanquished.

Vanquished Creatures (collateral kills)
  A jackal (D:2)
  A rat (D:2)
2 creatures vanquished.

Grand Total: 44 creatures vanquished

Notes
Turn   | Place    | Note
-------+----------+-------------------------------------------
     0 | D:1      | MacCMillion the Mummy Necromancer began the quest for the
                  | Orb.
     0 | D:1      | Reached XP level 1. HP: 13/13 MP: 4/4
    21 | D:1      | You fall into a shaft and drop 1 floor!
   328 | D:1      | Reached XP level 2. HP: 16/19 MP: 1/6
   676 | D:2      | Found a faded altar of an unknown god.
  1040 | D:2      | Gained mutation: You are in touch with the powers of death.
                  | [Mummy growth]
  1040 | D:2      | Reached XP level 3. HP: 22/24 MP: 0/8
  1414 | D:2      | Found Riyhiw's Jewellery Emporium.
  1759 | D:2      | Reached XP level 4. HP: 30/30 MP: 6/10
  2120 | D:2      | Quit the game

Illustrated notes

Levels and vault maps discovered:
D:1:      co_arrival_square_in_a_square_in_a_square, layout_rooms
D:2:      kennysheep_the_goblin_king, layout_basic,
          hellmonk_ecumenical_altar_dog_temple, serial_shops, shop,
          small_statue_intersection, minmay_circle_x

Skill      XL: |  1  2  3 |
---------------+----------+-----
Spellcasting   | 3 4 |  4.3
Dodging        | |  1.5
Stealth        | |  1.5
Necromancy     | |  4.9

Action                     |  1- 3 |  4- 6 || total
---------------------------+-------+-------++-------
  Melee: Unarmed           |     1 |       ||     1
         Dagger            |    39 |       ||    39
         Punch             |     1 |       ||     1
         Short sword       |       |     4 ||     4
   Cast: Necrotise         |    74 |     4 ||    78
 Armour: Robe              |    14 |     1 ||    15
  Dodge: Dodged            |    51 |     1 ||    52
